Unix NetHack Version 3.7.0-97 Work-in-progress - last build Feb 8 2024 15:05:57 (6d6cdf8371b60126770a3d7b88910941cb14a054,branch:master). Game began 2024-02-29 20:06:13, ended 2024-02-29 20:25:25. laycre, neutral female human Priestess ----- |...| |...| |...| ------------- |.<..##### |C.........C| --|-- ## |.....C.....| ## B@ |...-----...| ### # # |...|.{.|...| ## ########## #|..C|{.{|C..-#### -|--*--..---#########....|.{.|...| |.%*)...)`.| #|...--.--...| |>..........#########|.....C.....| |..........| |C.........C| ------------ ------------- Laycre the Acolyte St:14 Dx:13 Co:14 In:11 Wi:18 Ch:13 Neutral Dlvl:6 $:116 HP:0(33) Pw:20(65) AC:0 Xp:5/265 T:2685 Hungry Latest messages: The wand misses you. You kill the gnome lady! S - an uncursed short wand. What do you want to write with? [- ak-nqwAEKNP-S or ?*] - You write in the dust with your fingertip. What do you want to write in the dust here? xxx What do you want to write with? [- ak-nqwAEKNP-S or ?*] ? Do you want to add to the current engraving? [ynq] (y) y You add to the writing in the dust with an uncursed short wand. What do you want to add to the writing in the dust here? asd The wand unsuccessfully fights your attempt to write! What do you want to call? [j-quyzAD-FH-KO-QS or ?*] s You don't have that object. What do you want to call? [j-quyzAD-FH-KO-QS or ?*] S Call a short wand: striking You see here an uncursed statue of a plains centaur. "Hello, laycre, welcome to Delphi!" You see here an uncursed statue of a plains centaur. You see here an uncursed statue of a plains centaur. The door resists! The door opens. You hear a strange wind. You hear convulsive ravings. You are in full health. You hear a crunching sound. You are beginning to feel hungry. The giant bat bites! The giant bat bites! You miss the giant bat. The giant bat bites! The giant bat bites! The giant bat bites! You miss the giant bat. The giant bat misses! The giant bat bites! The giant bat bites! You hit the giant bat! The giant bat bites! The giant bat just misses! The air around you begins to shimmer with a golden haze. The giant bat misses! The giant bat misses! The golden haze around you becomes more dense. The giant bat bites! The giant bat misses! You miss the giant bat. The giant bat bites! You die... Do you want your possessions identified? [ynq] (y) y Do you want to see your attributes? [ynq] (y) q Inventory: Coins ('$') $ - 116 gold pieces Weapons (')') w - 15 uncursed +0 darts (at the ready) a - a blessed +1 mace (weapon in right hand) N - an uncursed +0 trident (alternate weapon; not wielded) Armor ('[') C - an uncursed +0 pair of elven boots (being worn) u - an uncursed +0 pair of water walking boots c - an uncursed +0 small shield (being worn) b - an uncursed +0 robe (being worn) Comestibles ('%') G - 2 uncursed cram rations B - an uncursed cream pie i - 4 uncursed food rations f - 2 uncursed sprigs of wolfsbane Scrolls ('?') z - a blessed scroll of amnesia F - an uncursed scroll of blank paper j - an uncursed scroll of identify O - a blessed scroll of light J - 2 uncursed scrolls of light y - a cursed scroll of light p - an uncursed scroll of magic mapping Spellbooks ('+') H - an uncursed spellbook of create monster D - an uncursed spellbook of healing g - an uncursed spellbook of protection h - an uncursed spellbook of remove curse Potions ('!') o - a blessed potion of full healing d - 4 potions of holy water M - 2 uncursed potions of water Rings ('=') K - a cursed +0 ring of adornment k - an uncursed ring of fire resistance q - an uncursed ring of protection from shape changers Wands ('/') Q - an uncursed wand of magic missile (0:3) S - an uncursed wand of striking (0:1) Tools ('(') t - an uncursed blindfold R - an uncursed magic marker (0:78) I - an uncursed mirror Gems/Stones ('*') P - an uncursed obsidian stone l - 2 uncursed worthless pieces of black glass A - an uncursed worthless piece of orange glass E - an uncursed worthless piece of red glass m - 3 uncursed worthless pieces of violet glass n - an uncursed worthless piece of white glass Laycre the Priestess's attributes: Background: You were an Acolyte, a level 5 human Priestess. You were neutral, nominally on a mission for Hermes who was opposed by Athena (lawful) and Poseidon (chaotic). You were right-handed. You were in the Dungeons of Doom, on level 6. You entered the dungeon 2685 turns ago. You had 265 experience points, 55 more were needed to attain level 6. Basics: You had 0 out of 33 hit points. You had 20 out of 65 energy points (spell power). Your armor class was 0. Your wallet contained 116 zorkmids. Autopickup was on for '$=/!?"' plus thrown, with exceptions. Final Characteristics: Your strength was 14 (limit:18/100). Your dexterity was 13 (limit:18). Your constitution was 14 (limit:18). Your intelligence was 11 (limit:18). Your wisdom was 18 (limit:18). Your charisma was 13 (limit:18). Final Status: You were hungry. You were unencumbered. You were wielding a mace. You had basic skill with mace. Final Attributes: You were piously aligned. You were stealthy. You had a moderate defense bonus (+6). You were guarded. You are dead. Miscellaneous: You never encountered a bones level. Total elapsed playing time was 19 minutes and 10 seconds. Major events: Turn 1: laycre the neutral human Priestess entered the dungeon 1170: attained the rank of Acolyte (level 3) 1219: entered the Gnomish Mines 2685: killed by a giant bat Vanquished creatures: a rock mole 3 gnome leaders 3 homunculi a kobold leader 6 hill orcs 2 rothes a rabid rat a giant bat an iguana a hobbit 2 large kobolds 3 hobgoblins a giant rat a green mold 3 gnomes 2 geckos 2 jackals a fox 5 grid bugs a bat 6 lichens a kobold zombie 5 newts 53 creatures vanquished. No species were genocided or became extinct. Voluntary challenges: You were an atheist. You read items or engraved 4 times. You never engraved Elbereth. You never genocided any monsters. You never polymorphed an object. You never changed form. You used no wishes. Achievements: You entered a shop. You attained the rank of Acolyte. You entered the Gnomish Mines. The Dungeons of Doom: levels 1 to 7 Level 1: A fountain. Level 2: "vault" Level 3: Level 4: Stairs down to The Gnomish Mines. Level 5: Level 6: <- You were here. Many fountains. Oracle of Delphi. Final resting place for you, killed by a giant bat. Level 7: The Gnomish Mines: Level 5: Game over: ---------- / \ / REST \ / IN \ / PEACE \ / \ | laycre | | 116 Au | | killed by a | | giant bat | | | | | | 2024 | *| * * * | * _________)/\\_//(\/(/\)/\//\/|_)_______ Goodbye laycre the Priestess... You died in The Dungeons of Doom on dungeon level 6 with 1465 points, and 116 pieces of gold, after 2685 moves. You were level 5 with a maximum of 33 hit points when you died.